 Dungeon Crawl Stone Soup version 0.29.0-11-gd7f09526c8 (webtiles) character file.

Game seed: 5379396462658179954

10 pacmanke6689 the Trooper (level 2, -4/24 HPs)
             Began as a Demonspawn Fighter on Sept 6, 2022.
             Succumbed to a kobold's poison
             ... on level 1 of the Dungeon.
             The game lasted 00:00:48 (135 turns).

pacmanke6689 the Trooper (Demonspawn Fighter)        Turns: 135, Time: 00:00:49

Health: -4/24      AC:  6    Str: 16    XL:     2   Next: 10%
Magic:  2/2        EV: 13    Int:  9    God:
Gold:   0          SH:  4    Dex: 12    Spells: 1/1 levels left

rFire   + . .      SeeInvis .   a - +0 war axe
rCold   + . .      Faith    .   c - +0 buckler
rNeg    . . .      Spirit   .   b - +0 scale mail
rPois   .          Reflect  .   (no helmet)
rElec   .          Harm     .   e - scarf {rC+ rF+}
rCorr   .          Rampage  .   (no gloves)
Will    .....                   (no boots)
Stlth   ..........              (no amulet)
HPRegen 0.08/turn               (no ring)
MPRegen 0.08/turn               (no ring)

@: mighty, agile, lethally poisoned (-4 -> -26)
A: powered by pain 1
a: no special abilities


You were on level 1 of the Dungeon.
You visited 1 branch of the dungeon, and saw 1 of its levels.

Inventory:

Hand Weapons
 a - a +0 war axe (weapon)
Armour
 b - a +0 scale mail (worn)
 c - a +0 buckler (worn)
 e - a scarf of resistance (worn)


   Skills:
 + Level 3.1 Fighting
 + Level 1.8 Axes
 + Level 2.9 Armour
 + Level 2.8 Shields


You had one spell level left.
You didn't know any spells.
Your spell library was empty.

Dungeon Overview and Level Annotations

Branches:
Dungeon (1/15)

Altars:


Innate Abilities, Weirdness & Mutations

You sometimes gain a little power by taking damage.


Message History

The stone hits you but does no damage. The bat hits you but does no damage.
The kobold throws a stone.
The stone barely misses you. The bat hits you but does no damage.
Keep equipping yourself?
The kobold throws a stone.
The stone barely misses you.
You start putting on your armour.
You continue putting on your scarf of resistance.
The bat hits you but does no damage. x2
You continue putting on your scarf of resistance.
The bat hits you but does no damage.
You continue putting on your scarf of resistance.
The bat barely misses you. The kobold closely misses you.
You continue putting on your scarf of resistance.
The bat completely misses you. The bat barely misses you.
The kobold hits you with a +0 short sword of venom.
You are poisoned.
You finish putting on your scarf of resistance.
You feel resistant to extremes of temperature.
You barely miss the kobold.
You feel very sick. The bat closely misses you.
The kobold hits you but does no damage.
You are lethally poisoned!
You barely miss the kobold. You hit the bat.
You kill the bat!
You focus on the pain.
You feel agile all of a sudden.
You feel very sick. The kobold misses you. The kobold hits you with a +0 whip.
* * * LOW HITPOINT WARNING * * *
The kobold closely misses you.
You feel very mighty all of a sudden.
* * * LOW HITPOINT WARNING * * *
You feel very sick. The kobold hits you with a +0 whip.
* * * LOW HITPOINT WARNING * * *
The kobold hits you but does no damage.
You are more poisoned.
You closely miss the kobold. You barely miss the kobold.
You die...

####.#####..#.###.#
#.##...........#
#.##...........###
#..#.............##.#.
##.#.........###......
#.#............###...
#†#..###.............
#†..##...#.#K........
#..##..###.@K.....#..
#..##.# ###......#
....... ...........
####..## ###......##.
#### #$.....# #......#
########


You could see 2 kobolds.

Vanquished Creatures
  A dart slug (D:1)
  4 jackals (D:1)
  2 bats (D:1)
7 creatures vanquished.

Notes
Turn   | Place    | Note
-------+----------+-------------------------------------------
     0 | D:1      | pacmanke6689 the Demonspawn Fighter began the quest for the
                  | Orb.
     0 | D:1      | Reached XP level 1. HP: 18/18 MP: 1/1
    91 | D:1      | Gained mutation: You sometimes gain a little power by
                  | taking damage. [demonic ancestry]
    91 | D:1      | Reached XP level 2. HP: 23/24 MP: 2/2
   135 | D:1      | Succumbed to a kobold's poison

Illustrated notes

Levels and vault maps discovered:
D:1:      ldierk_water_garden, layout_rooms, grunt_decor_resistance

Action                   || total
-------------------------++-------
Melee: War axe           ||    20
  Use: Potion            ||     1
Armor: Scale mail        ||    27
Dodge: Dodged            ||    18
Block: Buckler           ||     8
